 Dungeon Crawl Stone Soup version 0.30-a0-1164-ge08a67761e (webtiles) character file.

Game seed: 17715871265621480203

294 cforsyth the Caller (level 5, -2/38 HPs)
             Began as a Demigod Summoner on Apr 29, 2023.
             Slain by Pikel
             ... wielding a +1 whip of flaming
              (14 damage)
             ... on level 4 of the Dungeon.
             The game lasted 00:06:44 (2965 turns).

cforsyth the Caller (Demigod Summoner)              Turns: 2965, Time: 00:06:45

Health: -2/38      AC:  5    Str:  9    XL:     5   Next: 85%
Magic:  5/23       EV: 12    Int: 21    God:
Gold:   86         SH:  0    Dex: 14    Spells: 3/12 levels left

rFire   . . .        (no weapon)
rCold   . . .        (no shield)
rNeg    . . .        a - +0 robe
rPois   +            t - +0 helmet
rElec   .            (no cloak)
rCorr   .            (no gloves)
SInv    .            e - +1 pair of boots
Will    .....        f - amulet of the acrobat
Stlth   ++           d - ring of poison resistance
HPRegen 0.26/turn    g - ring of magical power
MPRegen 0.18/turn

%: acrobat
@: very slightly contaminated
A: high MP 1, forlorn, divine attributes
a: no special abilities


You were on level 4 of the Dungeon.
You visited 1 branch of the dungeon, and saw 4 of its levels.

You collected 86 gold pieces.

Inventory:

Missiles
 m - 2 throwing nets
Armour
 a - a +0 robe (worn)
 e - a +1 pair of boots (worn)
 t - a +0 helmet (worn)
Jewellery
 d - a ring of poison resistance (left hand)
 f - an amulet of the acrobat (around neck)
 g - a ring of magical power (right hand)
 u - a ring of resist corrosion
Scrolls
 c - a scroll of noise {unknown}
 q - a scroll of amnesia
 r - a scroll of brand weapon
 w - a scroll of silence
Potions
 b - a potion of magic
 i - 2 potions of heal wounds
 o - 2 potions of flight
 s - a potion of lignification
 v - a potion of curing
 x - a potion of haste


   Skills:
 - Level 1.7 Dodging
 - Level 1.7 Stealth
 + Level 4.0 Spellcasting
 + Level 5.4 Summonings


You had 3 spell levels left.
You knew the following spells:

 Your Spells              Type           Power      Damage    Failure   Level
a - Summon Small Mammal   Summ           100%       N/A       1%          1
b - Call Imp              Summ           54%        N/A       1%          2
c - Call Canine Familiar  Summ           27%        N/A       3%          3
d - Summon Guardian Gole  Hex/Summ       15%        N/A       12%         3

Your spell library contained the following spells:

 Spells                   Type           Power      Damage    Failure   Level
 Sting                    Tmut/Pois      16%        1d3       12%         1
 Poisonous Vapours        Pois/Air       8%         N/A       19%         2
 Dazzling Flash           Conj/Hex       8%         N/A       34%         3
 Summon Lightning Spire   Summ/Air       15%        N/A       36%         4
 Olgreb's Toxic Radiance  Pois           4%         N/A       75%         4
 Agony                    Necr           4%         N/A       97%         5
 Silence                  Hex/Air        2%         N/A       97%         5


Dungeon Overview and Level Annotations

Branches:
Dungeon (4/15)             Temple (0/1) D:4

Annotations:
D:4 Pikel


Innate Abilities, Weirdness & Mutations

You have an increased reservoir of magic. (+10% MP)
You shall have no god before yourself.
Your divine heritage dramatically boosts your attributes as you level up.


Message History

Flame seeps out of your guardian golem.
Pikel rages.
Your guardian golem is engulfed in blazing flames.
Flame seeps out of your guardian golem. The lemure completely misses you.
Your guardian golem is engulfed in blazing flames.
Your guardian golem disappears in a puff of smoke!
Your guardian golem explodes!
You see here a +0 short sword.
Casting: Summon Guardian Golem (dangerous; 12% risk of failure)
Confirm with . or Enter, or press ? or * to list all spells.
You miscast Call Canine Familiar.
You are very lightly contaminated with residual magic.
Nothing appears to happen.
The lemure hits you but does no damage. The lemure barely misses you.
Casting: Call Canine Familiar (dangerous; 3% risk of failure)
Confirm with . or Enter, or press ? or * to list all spells.
A guardian golem appears, shielding your allies.
A jackal comes into view.
The lemure hits you but does no damage.
Unknown command.
Your hound closely misses Pikel.
Something barely misses your hound.
Pikel rages.
The lemure hits you.
* * * LOW HITPOINT WARNING * * *
Your guardian golem is engulfed in blazing flames.
Your hound barely misses the lemure.
Your hound bites the lemure.
The lemure completely misses you. The lemure barely misses your hound.
Pikel attacks as you move away! Pikel completely misses you.
Something bites your hound but does no damage.
Your hound misses the lemure.
Casting: Summon Guardian Golem (dangerous; 12% risk of failure)
Confirm with . or Enter, or press ? or * to list all spells.
A tiny devil pulls itself out of the air.
Pikel closely misses you. The lemure hits your guardian golem.
Something misses your hound. Pikel attacks as you move away!
Pikel hits you with a +1 whip of flaming!
You die...

#<...#......<#
#.........####
#.#......)...#
#......†.....#.#
####.........#.#
.............#.#
###....5....##.# ..
+.........+..####.5.
#......@............
#.....5K#.#.#.#.#..#
...#....59§.☼......+#
#.###....5#.h.....#..#
#. #................#
#####.#...>...#..
........./....#
##..#.......#..#
#.............#


You could see Pikel (berserk, ally target), 3 lemures, a friendly guardian golem
(summoned) and a friendly cerulean imp (summoned, sheltered).

Vanquished Creatures
  A bat (D:1)
1 creature vanquished.

Vanquished Creatures (collateral kills)
  A lemure (D:4)
  Terence (D:2)
  Jessica (D:3)
  4 gnolls (D:2)
  5 adders
  A worm (D:2)
  A dart slug (D:4)
  4 orcs
  3 ball pythons
  5 endoplasms
  4 giant cockroaches
  2 goblins
  2 hobgoblins (D:2)
  7 jackals
  3 quokkas
  4 bats
  A frilled lizard (D:3)
  8 kobolds
  3 rats
60 creatures vanquished.

Vanquished Creatures (others)
  An ogre (D:4)
  An endoplasm (D:4)
  5 plants (D:4)
7 creatures vanquished.

Grand Total: 68 creatures vanquished

Notes
Turn   | Place    | Note
-------+----------+-------------------------------------------
     0 | D:1      | cforsyth the Demigod Summoner began the quest for the Orb.
     0 | D:1      | Reached XP level 1. HP: 14/14 MP: 5/5
   731 | D:1      | Reached XP level 2. HP: 20/20 MP: 3/7
  1071 | D:2      | Noticed Terence
  1095 | D:1      | Learned a level 2 spell: Call Imp
  1143 | D:2      | Reached skill level 4 in Summonings
  1215 | D:2      | Reached XP level 3. HP: 17/26 MP: 1/9
  1221 | D:1      | Learned a level 3 spell: Call Canine Familiar
  1539 | D:2      | Reached XP level 4. HP: 33/33 MP: 4/11
  1553 | D:2      | Killed Terence
  2657 | D:3      | Noticed Jessica
  2663 | D:3      | Killed Jessica
  2664 | D:3      | Reached skill level 5 in Summonings
  2664 | D:3      | Reached XP level 5. HP: 33/38 MP: 13/13
  2668 | D:3      | Learned a level 3 spell: Summon Guardian Golem
  2830 | D:4      | Noticed an ogre
  2835 | D:4      | Killed an ogre
  2919 | D:4      | Found a staircase to the Ecumenical Temple.
  2944 | D:4      | Noticed Pikel
  2965 | D:4      | Slain by Pikel

Illustrated notes

Levels and vault maps discovered:
D:1:      ncdulo_halloftheorcs, layout_basic
D:2:      layout_rooms, uniq_terence
D:3:      layout_basic, ebering_ecumenical_altar_mist, minmay_unequal,
          uniq_jessica
D:4:      layout_basic, gammafunk_temple_overflow_forgotten,
          minmay_temple_entry_glass, gup_sewer_entry_glass, serial_curves,
          eino_curves_03, eino_curves_04, dreamdust_mushroom_princess,
          minmay_misc_feat_nine_boxes, serial_bayou_lake_a, uniq_pikel

Skill      XL: |  1  2  3  4  5 |
---------------+----------------+-----
Spellcasting   | 2 3 4 |  4.0
Summonings     | 4 5 |  5.4
Dodging        | |  1.7
Stealth        | |  1.7

Action                     |  1- 3 |  4- 6 || total
---------------------------+-------+-------++-------
  Melee: Unarmed           |    62 |    33 ||    95
         Punch             |       |     1 ||     1
   Cast: Summon Small Mamm |    49 |    20 ||    69
         Call Imp          |     5 |    12 ||    17
         Call Canine Famil |     5 |    12 ||    17
         Summon Guardian G |       |     3 ||     3
    Use: Scroll            |       |    13 ||    13
 Armour: Robe              |    10 |    12 ||    22
  Dodge: Dodged            |    73 |    55 ||   128

Table legend: (Time is in decaauts)
 A = Elapsed time spent in this place.
 B = Non-inter-level travel time spent in this place.
 C = Inter-level travel time spent in this place.
 D = Time resting spent in this place.
 E = Time spent auto-exploring this place.
 F = Levels seen in this place.
 G = Mean time per level.
                   A        B        C        D        E       F      G
               +--------+--------+--------+--------+--------+-----+--------+
         Total |   2964 |   2877 |     87 |     62 |   2158 |   4 |  741.0 |
       Dungeon |   2964 |   2877 |     87 |     62 |   2158 |   4 |  741.0 |
               +--------+--------+--------+--------+--------+-----+--------+

Top non-repeatable levels by time:
     D:1: 1077 daAuts
     D:2: 1060 daAuts
     D:3: 706 daAuts
     D:4: 120 daAuts
